 Dungeon Crawl Stone Soup version 0.20.0-6-gd3061e9 (webtiles) character file.

112 MTVSty1e the Chopper (level 4, 0/35 HPs)
             Began as a Demonspawn Gladiator on May 28, 2017.
             Killed from afar by an orc wizard (6 damage)
             ... with a magic dart
             ... on level 3 of the Dungeon.
             The game lasted 00:03:29 (1820 turns).

MTVSty1e the Chopper (Demonspawn Gladiator)         Turns: 1820, Time: 00:03:30

Health: 0/35       AC:  7    Str: 15    XL:     4   Next: 63%
Magic:  4/4        EV: 11    Int:  9    God:
Gold:   144        SH:  0    Dex: 15    Spells: 3/3 levels left

rFire    . . .     SeeInvis .   a - +0 war axe
rCold    . . .     Gourm    .   (no shield)
rNeg     . . .     Faith    .   s - +0 scale mail
rPois    .         Spirit   .   c - +0 helmet
rElec    .         Reflect  .   (no cloak)
rCorr    .         Harm     .   (no gloves)
MR       .....                  (no boots)
Stlth    ..........             (no amulet)
Regen    0.2/turn               (no ring)
MPRegen  0.1/turn               (no ring)

@: slowed, very slow
A: talons 1, powered by death 1, sturdy frame 1
a: no special abilities


You were on level 3 of the Dungeon.
You were not hungry.

You visited 1 branch of the dungeon, and saw 3 of its levels.

You collected 144 gold pieces.

Inventory:

Hand Weapons
 a - a +0 war axe (weapon)
Missiles
 d - 3 throwing nets (quivered)
Armour
 c - a +0 helmet (worn)
 s - a +0 scale mail (worn)
Jewellery
 m - an uncursed ring of protection from magic {unknown}
Scrolls
 b - a scroll of fear {unknown}
 e - 4 scrolls of teleportation {unknown}
 k - a scroll of noise {unknown}
 l - a scroll of blinking {unknown}
 p - a scroll of enchant armour {unknown}
 q - 3 scrolls of identify {unknown}
 t - a scroll of immolation {unknown}
Potions
 g - a potion of magic {unknown}
 h - a potion of mutation {unknown}
 i - a potion of haste {unknown}
 n - a potion of agility {unknown}
 o - a potion of flight {unknown}
 r - a potion of curing {unknown}
Comestibles
 f - 2 bread rations
 j - 7 fruits


   Skills:
 + Level 3.5 Fighting
 + Level 4.1 Axes
 - Level 1.7 Throwing
 - Level 2.6 Dodging


You had 3 spell levels left.
You didn't know any spells.

Dungeon Overview and Level Annotations

Branches:
Dungeon (3/15)

Altars:
Vehumet


Innate Abilities, Weirdness & Mutations

You have sharp toenails.
You regenerate a little health from kills.
Your movements are slightly less encumbered by armour. (ER -2)


Message History

Beogh smites you!
Unknown command.
You are too injured to fight recklessly!
Unknown command.
The orc wizard casts a spell.
The orc wizard blinks!
The orc hits you but does no damage.
The orc priest invokes the aid of Beogh against you.
Beogh smites you!
* * * LOW HITPOINT WARNING * * *
You feel yourself speed up. The orc closely misses you.
The orc priest hits you but does no damage.
The orc wizard gestures at you while chanting.
You feel yourself slow down. The orc hits you with a trident.
* * * LOW HITPOINT WARNING * * *
The orc priest misses you.
The orc wizard gestures at you while chanting.
The magic dart hits you!
You die...

# #.# ## ###<########
%..### #..........######
#.....####.#..#.###......#
#.............#.###......#
#.....o..@o...#...........
#...(.####.##.#..##......#
#.... #o......##......#
###. ####.......######
#... ##......# #...
#.#.##.#
#...########.#.##.#####
#.....................##
###....#.##.#..#..#.##....


You could see an orc priest, an orc wizard and an orc.

Vanquished Creatures
  An orc wizard (D:3)
  4 adders (D:2)
  2 dart slugs (D:1)
  A leopard gecko (D:2)
  A ball python (D:2)
  3 giant cockroaches (D:2)
  8 goblins
  3 hobgoblins
  2 jackals (D:2)
  6 kobolds
  A quokka (D:2)
  4 bats
  A frilled lizard (D:1)
  4 rats (D:2)
41 creatures vanquished.

Notes
Turn   | Place    | Note
-------+----------+-------------------------------------------
     0 | D:1      | MTVSty1e the Demonspawn Gladiator began the quest for the Orb.
     0 | D:1      | Reached XP level 1. HP: 16/16 MP: 1/1
   218 | D:1      | Gained mutation: You regenerate a little health from kills. [demonic ancestry]
   218 | D:1      | Reached XP level 2. HP: 23/23 MP: 2/2
   222 | D:1      | Reached skill level 3 in Axes
   825 | D:2      | Found a radiant altar of Vehumet.
   841 | D:2      | Gained mutation: Your movements are slightly less encumbered by armour. (ER -2) [demonic ancestry]
   841 | D:2      | Reached XP level 3. HP: 18/28 MP: 3/3
  1280 | D:2      | Gained mutation: You have sharp toenails. [demonic ancestry]
  1280 | D:2      | Reached XP level 4. HP: 35/35 MP: 4/4
  1809 | D:3      | Reached skill level 4 in Axes
  1820 | D:3      | Killed from afar by an orc wizard

Skill      XL: |  1  2  3  4 |
---------------+-------------+-----
Axes           | 3 4 |  4.1
Fighting       | 3 |  3.5
Throwing       | |  1.7
Dodging        | |  2.6

Action                   |  1- 3 |  4- 6 || total
-------------------------+-------+-------++-------
Melee: War axe           |   100 |    31 ||   131
       Kick              |       |     9 ||     9
  Eat: Meat ration       |     1 |       ||     1
Armor: Leather armour    |    11 |       ||    11
       Ring mail         |    38 |     7 ||    45
       Scale mail        |       |     7 ||     7
Dodge: Dodged            |    69 |    33 ||   102
